 Dungeon Sprint DCSS version 0.30-a0-137-gd8773701ce (webtiles) character file.

Game seed: 4142865778804121277

2584 Pilot the Grappler (level 9, -21/93 HPs)
             Began as a Troll Fighter on Sept 22, 2022.
             Was an Initiate of Gozag.
             Demolished by a spriggan berserker
             ... wielding a +2 antimagic rapier
              (33 damage)
             ... in the Dungeon (Sprint IV: "Fedhas' Mad Dash").
             The game lasted 00:14:13 (695 turns).

Pilot the Grappler (Troll Fighter)                   Turns: 695, Time: 00:14:13

Health: -21/93     AC:  4    Str: 26    XL:     9   Next: 32%
Magic:  0/8        EV: 12    Int:  4    God:    Gozag
Gold:   556        SH: 10    Dex: 13    Spells: 8/8 levels left

rFire   . . .      SeeInvis +    u - +4 eveningstar (holy)
rCold   . . .      Faith    .    b - +0 kite shield
rNeg    . . .      Spirit   .    a - +0 robe
rPois   .          Reflect  .    (helmet restricted)
rElec   .          Harm     .    (no cloak)
rCorr   .          Rampage  .    (gloves unavailable)
Will    .....      NoTele   +    (boots unavailable)
Stlth   +++.......               j - amulet of invisibility {+Inv}
HPRegen 1.05/turn                q - ring of see invisible
MPRegen 0.11/turn                (no ring)

@: very slightly contaminated, invisible
A: large, unfitting armour, claws 3, regeneration 1, shaggy fur 1, tough skin 1
a: Renounce Religion, Evoke Invisibility, Potion Petition, Call Merchant, Bribe
Branch


You were in the Dungeon.
You worshipped Gozag.
Gozag was pleased with you.
You visited 1 branch You collected 1309 gold pieces.
You spent 753 gold pieces at shops.

Inventory:

Hand Weapons
 k - a +0 war axe
 p - a +1 falchion of freezing
 u - a +4 eveningstar of holy wrath (weapon)
Missiles
 t - 6 stones (quivered)
Armour
 a - a +0 robe (worn)
 b - a +0 kite shield (worn)
Jewellery
 j - the amulet of invisibility (around neck) {+Inv}
   (You found it in the Dungeon)

   [amulet of nothing]

   +Inv:      It lets you turn invisible.
 q - a ring of see invisible (left claw)
Scrolls
 i - a scroll of blinking
 m - a scroll of identify
 o - a scroll of fear
 s - a scroll of brand weapon {unknown}
Potions
 c - a potion of might
 d - 2 potions of curing
 e - a potion of heal wounds
 f - a potion of haste
 g - 2 potions of magic
 h - 3 potions of berserk rage
 l - a potion of cancellation
 r - a potion of resistance {unknown}


   Skills:
 + Level 7.1 Fighting
 * Level 5.8 Maces & Flails
 + Level 8.4 Dodging
 + Level 5.0 Stealth
 + Level 9.3 Shields
 - Level 10.3 Unarmed Combat
 - Level 3.1 Evocations


You had 8 spell levels left.
You didn't know any spells.
Your spell library contained the following spells:

 Spells                   Type           Power      Damage    Failure   Level
 Ozocubu's Armour         Ice            0%         N/A       97%         3
 Ozocubu's Refrigeration  Ice            0%         4d7       100%        7


Dungeon Overview and Level Annotations

Branches:
Dungeon (1/1)

Altars:
Cheibriados
Dithmenos
Elyvilon
Gozag
Hepliaklqana
Kikubaaqudgha
Makhleb
Nemelex Xobeh
Okawaru
Qazlal
Ru
Sif Muna
Trog
Uskayaw
Vehumet
Wu Jian
Xom
Yredelemnul
Zin
The Shining One
Jiyva
Lugonu

Shops:
D *[!:(

Annotations:
D exclusion: 2 oklob plants, Agnes


Innate Abilities, Weirdness & Mutations

You are too large for most types of armour.
You have claws for hands.
Your natural rate of healing is unusually fast.
You are covered in fur. (AC +1)
You have tough skin. (AC +1)


Message History

You don't know any spells.
You fail to use your ability.
You don't know any spells.
You fail to use your ability.
You don't know any spells.
You fail to use your ability.
You don't know any spells.
You fail to use your ability.
You don't know any spells.
You fail to use your ability.
You don't know any spells.
You fail to use your ability.
You don't know any spells.
You fade into invisibility!
You open the door.
There is an open door here.
A spriggan berserker comes into view. It is wielding a +2 antimagic rapier.
Found Omexuinn's Distillery.
The spriggan berserker mumbles some strange prayers to Trog.
The spriggan berserker goes berserk!
There is an open door here.
You thump Agnes!
Agnes is lightly wounded.
Agnes barely misses you.
The spriggan berserker hits you with a +2 antimagic rapier!!!
Ouch! That really hurt!
You feel your power leaking away.
You barely miss the spriggan berserker.
The spriggan berserker hits you with a +2 antimagic rapier!!!
* * * LOW HITPOINT WARNING * * *
You block the spriggan berserker's attack.
You impale the spriggan berserker!!
The spriggan berserker is moderately wounded.
The spriggan berserker misses you.
The spriggan berserker barely misses you.
You barely miss the spriggan berserker.
The spriggan berserker is moderately wounded.
The spriggan berserker hits you with a +2 antimagic rapier!!
You die...
Your body crumbles into a pile of gold.

#.⌠._._._._.⌠.#..)...#....##∩#
'.._._._._._..'.)#...#....'.)#
#..._._._._...#..###'##...##∩#$$
#.._._._._._..#..##∩∩.'...####
#._._._._._.⌠.#############
###################..P.$
#♣♣♣♣♣..♣.###.'..+.....!
......♣..♣##..#..#.P....
♣..♣♣♣.♣).###.##@# .P.P.
.♣♣..♣...♣'...#♣i♣ ####
###############.i...#
..♣..♣....# ...♣.... .♣.. .....
♣.... ∩. #### ###### ##


You could see Agnes and a spriggan berserker (berserk).

Vanquished Creatures
  A spriggan druid (D)
  2 oklob plants (D)
  3 burning bushes (D)
  3 wandering mushrooms (D)
  3 scorpions (D)
  5 oklob saplings (D)
  2 spriggans (D)
  A river rat (D)
  A rat (D)
  A ballistomycete spore (D)
22 creatures vanquished.

Vanquished Creatures (others)
  A ballistomycete spore (D)
  A bush (D)
  2 fungi (D)
4 creatures vanquished.

Grand Total: 26 creatures vanquished

Notes
Turn   | Place    | Note
-------+----------+-------------------------------------------
     0 | D        | Pilot the Troll Fighter began the quest for the Orb.
     0 | D        | Reached XP level 1. HP: 22/22 MP: 0/0
    11 | D        | Reached XP level 2. HP: 25/31 MP: 1/1
    21 | D        | Noticed an oklob sapling
    26 | D        | Killed an oklob sapling
    27 | D        | Reached XP level 3. HP: 6/39 MP: 2/2
    28 | D        | Noticed a scorpion
    28 | D        | Found the amulet of invisibility {+Inv}
    30 | D        | Killed a scorpion
    31 | D        | Reached skill level 5 in Shields
    31 | D        | Reached skill level 3 in Unarmed Combat
    31 | D        | Reached XP level 4. HP: 10/49 MP: 3/3
    55 | D        | Found an opulent altar of Gozag.
    55 | D        | Found a hazy altar of Hepliaklqana.
    55 | D        | Found a burning altar of Makhleb.
    55 | D        | Found a sparkling altar of Nemelex Xobeh.
    55 | D        | Found a snail-covered altar of Cheibriados.
    55 | D        | Found a sacrificial altar of Ru.
    55 | D        | Found a shimmering blue altar of Sif Muna.
    55 | D        | Found a shimmering altar of Xom.
    55 | D        | Found a basalt altar of Yredelemnul.
    56 | D        | Found a viscous altar of Jiyva.
    56 | D        | Found a bloodstained altar of Trog.
    56 | D        | Found an ornate altar of the Wu Jian Council.
    57 | D        | Found an iron altar of Okawaru.
    57 | D        | Found a shadowy altar of Dithmenos.
    57 | D        | Found a glowing silver altar of Zin.
    58 | D        | Found a hide-covered altar of Uskayaw.
    58 | D        | Found an ancient bone altar of Kikubaaqudgha.
    59 | D        | Found a stormy altar of Qazlal.
    59 | D        | Found a glowing golden altar of the Shining One.
    59 | D        | Found a white marble altar of Elyvilon.
    60 | D        | Found a radiant altar of Vehumet.
    60 | D        | Found a corrupted altar of Lugonu.
    65 | D        | Reached skill level 5 in Fighting
    65 | D        | Reached skill level 5 in Dodging
    65 | D        | Reached skill level 4 in Unarmed Combat
    65 | D        | Reached XP level 5. HP: 16/57 MP: 4/4
   109 | D        | Became a worshipper of Gozag Ym Sagoz the Greedy
   138 | D        | Reached skill level 5 in Unarmed Combat
   138 | D        | Reached skill level 1 in Evocations
   147 | D        | Reached XP level 6. HP: 48/67 MP: 5/5
   170 | D        | Found Qeshovva's Antique Armour Shop.
   170 | D        | Found Ylotag's General Store.
   178 | D        | Bought a potion of cancellation for 88 gold pieces
   178 | D        | Bought a scroll of identify for 22 gold pieces
   178 | D        | Bought a scroll of enchant weapon for 82 gold pieces
   178 | D        | Bought a scroll of fear for 44 gold pieces
   178 | D        | Bought a potion of curing for 33 gold pieces
   180 | D        | Noticed a burning bush
   180 | D        | Noticed a wandering mushroom
   181 | D        | Noticed a wandering mushroom
   221 | D        | Reached skill level 1 in Stealth
   240 | D        | Noticed a queen bee
   243 | D        | Noticed a burning bush
   257 | D        | Killed a burning bush
   258 | D        | Reached skill level 6 in Unarmed Combat
   291 | D        | Noticed a burning bush
   291 | D        | Noticed an oklob plant
   292 | D        | Noticed a wandering mushroom
   297 | D        | Killed a burning bush
   298 | D        | Reached skill level 8 in Unarmed Combat
   298 | D        | Reached XP level 7. HP: 69/76 MP: 6/6
   309 | D        | Killed an oklob plant
   310 | D        | Reached skill level 9 in Unarmed Combat
   310 | D        | Reached XP level 8. HP: 63/84 MP: 7/7
   315 | D        | Killed a wandering mushroom
   316 | D        | Reached skill level 10 in Unarmed Combat
   367 | D        | Noticed a spriggan druid
   373 | D        | Killed a spriggan druid
   456 | D        | Bought a +3 eveningstar of holy wrath for 484 gold pieces
   476 | D        | Reached skill level 1 in Maces & Flails
   478 | D        | Reached XP level 9. HP: 49/92 MP: 8/8
   536 | D        | Killed a burning bush
   562 | D        | Found Bemam's Antique Weapon Emporium.
   562 | D        | Found Jenudgh's Book Shoppe.
   647 | D        | Noticed an oklob plant conjurer
   652 | D        | Killed an oklob plant conjurer
   653 | D        | Reached skill level 5 in Maces & Flails
   653 | D        | Reached skill level 5 in Stealth
   675 | D        | Noticed an oklob plant
   675 | D        | Noticed an oklob plant summoner
   678 | D        | Noticed Agnes
   690 | D        | Found Omexuinn's Distillery.
   690 | D        | Noticed a spriggan berserker
   695 | D        | Demolished by a spriggan berserker

Illustrated notes

Levels and vault maps discovered:
D:        dungeon_sprint_fedhas [sprint_temple]

Skill      XL: |  1  2  3  4  5  6  7  8  9 |
---------------+----------------------------+-----
Fighting       | 3 4 5 6 7 |  7.1
Dodging        | 3 4 5 6 7 8 |  8.4
Shields        | 3 4 5 6 7 8 9 |  9.3
Unarmed Combat | 3 4 5 8 9 10 | 10.3
Evocations     | 1 3 |  3.1
Stealth        | 2 4 5 |  5.0
Maces & Flails | 2 5 |  5.8

Action                   |  1- 3 |  4- 6 |  7- 9 || total
-------------------------+-------+-------+-------++-------
Melee: Unarmed           |    13 |    31 |    20 ||    64
       Eveningstar       |       |       |    25 ||    25
Throw: Stone             |       |       |     3 ||     3
 Abil: Evoke Invisibilit |       |     6 |     9 ||    15
  Use: Scroll            |       |       |     1 ||     1
 Stab: Sleeping          |       |     3 |     2 ||     5
       Invisible         |       |       |     4 ||     4
Armor: Robe              |     1 |     2 |     1 ||     4
Dodge: Dodged            |     1 |     4 |     9 ||    14
Block: Kite shield       |     3 |     7 |    11 ||    21

Table legend: (Time is in decaauts)
 A = Elapsed time spent in this place.
 B = Non-inter-level travel time spent in this place.
 C = Inter-level travel time spent in this place.
 D = Time resting spent in this place.
 E = Time spent auto-exploring this place.
 F = Levels seen in this place.
 G = Mean time per level.
                   A        B        C        D        E       F      G
               +--------+--------+--------+--------+--------+-----+--------+
         Total |    706 |    493 |    213 |      0 |      0 |   1 |  706.0 |
       Dungeon |    706 |    493 |    213 |      0 |      0 |   1 |  706.0 |
               +--------+--------+--------+--------+--------+-----+--------+

Top non-repeatable levels by time:
       D: 706 daAuts
